 Dungeon Crawl Stone Soup version 0.29.0-7-g18a832c13a (webtiles) character file.

Game seed: 8288299334311100332

22 sirJeffrey23 the Trooper (level 2, 0/27 HPs)
             Began as a Draconian Monk on Aug 30, 2022.
             Succumbed to an adder's poison
             ... on level 1 of the Dungeon.
             The game lasted 00:01:01 (917 turns).

sirJeffrey23 the Trooper (Draconian Monk)            Turns: 917, Time: 00:01:02

Health: 0/27       AC:  4    Str: 13    XL:     2   Next: 68%
Magic:  2/2        EV: 13    Int: 10    God:
Gold:   33         SH:  0    Dex: 13    Spells: 1/1 levels left

rFire   . . .      SeeInvis .   a - +0 short sword
rCold   . . .      Faith    .   (no shield)
rNeg    . . .      Spirit   .   (body armour unavailable)
rPois   .          Reflect  .   (helmet restricted)
rElec   .          Harm     .   (no cloak)
rCorr   .          Rampage  .   (no gloves)
Will    .....                   (no boots)
Stlth   ++........              d - amulet of magic regeneration
HPRegen 0.09/turn               (no ring)
MPRegen 0.48/turn               (no ring)

@: lethally poisoned (0 -> -6)
A: AC +4, unfitting armour, cold-blooded
a: no special abilities


You were on level 1 of the Dungeon.
You visited 1 branch of the dungeon, and saw 2 of its levels.

You collected 33 gold pieces.

Inventory:

Hand Weapons
 a - a +0 short sword (weapon)
Jewellery
 d - an amulet of magic regeneration (around neck)
Scrolls
 e - 4 scrolls of teleportation
 h - a scroll of magic mapping {unknown}
Potions
 c - a potion of degeneration {unknown}
 f - a potion of resistance {unknown}
 g - a potion of curing


   Skills:
 * Level 3.7 Fighting
 + Level 3.2 Short Blades
 * Level 3.1 Dodging
 * Level 2.0 Stealth


You had one spell level left.
You didn't know any spells.
Your spell library contained the following spells:

 Spells                   Type           Power      Damage    Failure   Level
 Gell's Gravitas          Tloc           0%         N/A       75%         3
 Lesser Beckoning         Tloc           0%         N/A       75%         3
 Teleport Other           Tloc           0%         N/A       75%         3


Dungeon Overview and Level Annotations

Branches:
Dungeon (2/15)

Altars:

Annotations:
D:2 Natasha


Innate Abilities, Weirdness & Mutations

Your plain brown scales are hard. (AC +4)
You cannot fit into any form of body armour.
You are cold-blooded and may be slowed by cold attacks.


Message History

The adder closely misses you.
Unknown command.
You closely miss the adder.
The adder is severely wounded.
The goblin hits the plant with a +0 dagger.
The jackal bites the plant.
The adder bites you.
* * * LOW HITPOINT WARNING * * *
You are lethally poisoned!
The adder poisons you!
It was a potion of curing.
You feel better.
A nearby plant withers and dies.
The adder barely misses you.
Unknown command.
You miss the adder.
The adder is severely wounded.
The adder bites you but does no damage.
The jackal splashes around in the water.
You miss the adder.
The adder is severely wounded.
The adder closely misses you. The jackal bites you.
* * * LOW HITPOINT WARNING * * *
The adder barely misses you.
You miss the adder.
The adder is severely wounded.
The jackal bites you but does no damage.
The adder bites you but does no damage.
Unknown command.
The jackal closely misses you. The adder attacks as you move away!
The adder bites you.
* * * LOW HITPOINT WARNING * * *
The adder bites you.
* * * LOW HITPOINT WARNING * * *
The jackal attacks as you move away! The jackal misses you.
The jackal attacks as you move away! The jackal misses you.
The jackal barely misses you. The adder bites you.
* * * LOW HITPOINT WARNING * * *
You are lethally poisoned!
The adder poisons you! The jackal attacks as you move away!
The jackal bites you but does no damage.
You die...

##...### ####### #..#....
##.....#### #....### ♣~.♣♣#.##.##
#.#.## # ♣P.♣♣....#.# #.#.#
♣P~♣♣♣###.## #.#.# ♣P.♣♣ #.######
########.#.# #
♣P~~♣♣♣♣♣.....S####........#.####
♣~~~♣♣P♣♣....gh.@......>.........
~~~.~~.~..####.####.###########.#
P~~~~PP~~## #.# #.# #..
♣P..♣♣♣♣♣# #.# #.# ### ♣♣~♣♣♣♣
#.# ##.## ####### ♣~~P♣.#
#.###...## #.....### ♣.~♣♣.#
#.##.....# #.###.... ♣~.~♣.#
######..## ### ##... ##..>.#
#####..#########.##


You could see an adder, a jackal and a goblin.

Vanquished Creatures
  2 endoplasms (D:1)
  A giant cockroach (D:1)
  2 goblins (D:1)
  A hobgoblin (D:1)
  2 jackals (D:1)
  2 kobolds (D:1)
  A quokka (D:1)
  A ball python (D:1)
  4 bats (D:1)
  4 rats (D:1)
20 creatures vanquished.

Vanquished Creatures (others)
  6 plants (D:1)
6 creatures vanquished.

Grand Total: 26 creatures vanquished

Notes
Turn   | Place    | Note
-------+----------+-------------------------------------------
     0 | D:1      | sirJeffrey23 the Draconian Monk began the quest for the
                  | Orb.
     0 | D:1      | Reached XP level 1. HP: 19/19 MP: 1/1
   320 | D:1      | Reached XP level 2. HP: 26/26 MP: 2/2
   682 | D:1      | Found a faded altar of an unknown god.
   867 | D:2      | Noticed Natasha
   870 | D:2      | Noticed a crimson imp
   916 | D:1      | HP: 1/27 [adder (3)]
   917 | D:1      | Succumbed to an adder's poison

Illustrated notes

Levels and vault maps discovered:
D:1:      dpeg_arrival_rooms_a, layout_loops_ring,
          ebering_ecumenical_altar_hall, serial_bayou_crossing
D:2:      layout_rooms, uniq_natasha

Skill      XL: |  1  2 |
---------------+-------+-----
Dodging        | 3 |  3.1
Stealth        | 2 |  2.0
Fighting       | |  3.7
Short Blades   | |  3.2

Action                   || total
-------------------------++-------
Melee: Short sword       ||    88
       Tailslap          ||    13
       Punch             ||     1
  Use: Scroll            ||     3
       Potion            ||     2
Armor: Skin              ||    40
Dodge: Dodged            ||    91
